 Dungeon Crawl Stone Soup version 0.23.0-3-gf3c87f2 (webtiles) character file.

Game seed: 2810983390791375892

133 xccam the Ruffian (level 4, -8/66 HPs)
             Began as a Troll Monk on Feb 23, 2019.
             Mangled by Robin
             ... wielding a +0 whip of electrocution
              (20 damage)
             ... on level 2 of the Dungeon.
             The game lasted 00:02:41 (1120 turns).

xccam the Ruffian (Troll Monk)                      Turns: 1120, Time: 00:02:42

Health: -8/66      AC:  7    Str: 25    XL:     4   Next: 94%
Magic:  3/3        EV: 10    Int:  6    God:
Gold:   173        SH:  0    Dex: 12    Spells: 3/3 levels left

rFire    . . .     SeeInvis .     - Unarmed
rCold    . . .     Gourm    +   (no shield)
rNeg     . . .     Faith    .   a - +0 robe
rPois    .         Spirit   .   (helmet restricted)
rElec    .         Reflect  .   g - +0 cloak
rCorr    .         Harm     .   (gloves unavailable)
MR       .....                  (boots unavailable)
Stlth    ..........             i - amulet of regeneration
HPRegen  1.01/turn              (no ring)
MPRegen  0.08/turn              (no ring)

@: berserking, very quick
A: large, unfitting armour, claws 3, fast metabolism 3, gourmand, regeneration
1, shaggy fur 1, tough skin 3
a: no special abilities


You were on level 2 of the Dungeon.
You were completely stuffed.

You visited 1 branch of the dungeon, and saw 3 of its levels.

You collected 173 gold pieces.

Inventory:

Missiles
 h - 3 large rocks (quivered)
Armour
 a - a +0 robe (worn)
 g - a +0 cloak (worn)
Jewellery
 i - an amulet of regeneration (around neck)
 r - an uncursed ring of ice {unknown}
Scrolls
 c - a scroll of amnesia {unknown}
 d - 2 scrolls of remove curse {unknown}
 e - 2 scrolls of enchant armour {unknown}
 f - 3 scrolls of identify {unknown}
 k - 2 scrolls of immolation {unknown}
 l - a scroll of fear {unknown}
 p - 2 scrolls of teleportation {unknown}
Potions
 j - 3 potions of berserk rage
 m - a potion of heal wounds {unknown}
 n - a potion of mutation {unknown}
 o - a potion of flight {unknown}
 s - 3 potions of haste {unknown}
Comestibles
 b - 3 rations


   Skills:
 - Level 2.4 Fighting
 - Level 2.4 Dodging
 - Level 1.0 Stealth
 + Level 5.7 Unarmed Combat


You had 3 spell levels left.
You didn't know any spells.
Your spell library was empty.

Dungeon Overview and Level Annotations

Branches:
Dungeon (3/15)

Altars:
Fedhas

Annotations:
D:2 Robin


Innate Abilities, Weirdness & Mutations

You are too large for most types of armour.
You have claws for hands.
Your metabolism is lightning-fast.
You like to eat raw meat.
Your natural rate of healing is unusually fast.
You are covered in fur. (AC +1)
You have extremely tough skin. (AC +3)


Message History

Robin is nearby!
You scratch Robin.
Robin is moderately wounded.
Robin hits you but does no damage.
You are electrocuted!
You scratch Robin.
Robin is severely wounded.
Robin hits you with a +0 whip of electrocution.
You closely miss Robin.
Robin is severely wounded.
Robin hits you with a +0 whip of electrocution.
You are electrocuted!
* * * LOW HITPOINT WARNING * * *
You are too injured to fight recklessly!
You are too injured to fight recklessly!
You aren't carrying any items that you can evoke.
It was a potion of berserk rage.
A red film seems to cover your vision as you go berserk!
You feel yourself moving faster!
You feel mighty! Robin hits you but does no damage.
You are electrocuted!!
You die...

#. .##.. #...# #. ..#.
# #...# ### #.##.#..#
#...##... #.......#
#........
#.......#####....#.##
....#...............
#.†.....(.......... #
#.#...............
#.##@##.#####....#.##
#.?g)...# ##........
####.#### #.....####
#.#### ##<.[## #
#....####.###.## #
#..#..##.## ##.# #
#.###....# #.# #
#####..#..##.## ##.###
.......(.####.###.....


You could see Robin.

Vanquished Creatures
  3 gnolls (D:3)
  5 adders
  4 dart slugs
  2 orcs (D:3)
  4 giant cockroaches
  6 goblins
  5 hobgoblins
  6 jackals (D:1)
  3 bats
  2 frilled lizards (D:1)
  8 kobolds
  2 rats
50 creatures vanquished.

Notes
Turn   | Place    | Note
-------+----------+-------------------------------------------
     0 | D:1      | xccam the Troll Monk began the quest for the Orb.
     0 | D:1      | Reached XP level 1. HP: 22/22 MP: 0/0
    83 | D:1      | Reached XP level 2. HP: 23/29 MP: 1/1
   102 | D:1      | Reached skill level 4 in Unarmed Combat
   301 | D:1      | Reached XP level 3. HP: 36/36 MP: 2/2
   616 | D:2      | Reached XP level 4. HP: 35/44 MP: 3/3
   617 | D:2      | Reached skill level 5 in Unarmed Combat
   690 | D:2      | Found a faded altar of an unknown god.
   767 | D:2      | You fall through a shaft!
  1026 | D:3      | Found a blossoming altar of Fedhas.
  1116 | D:2      | Noticed Robin
  1120 | D:2      | Mangled by Robin

Skill      XL: |  1  2  3  4 |
---------------+-------------+-----
Unarmed Combat | 4 5 |  5.7
Fighting       | |  2.4
Dodging        | |  2.4
Stealth        | |  1.0

Action                   |  1- 3 |  4- 6 || total
-------------------------+-------+-------++-------
Melee: Unarmed           |    89 |    54 ||   143
       Punch             |       |     1 ||     1
  Use: Potion            |       |     1 ||     1
 Stab: Sleeping          |     3 |       ||     3
  Eat: Chunk             |     8 |     8 ||    16
Armor: Robe              |    50 |    19 ||    69
Dodge: Dodged            |    57 |    23 ||    80
